 Dungeon Crawl Stone Soup version 0.31.0-32-g396128a36d (webtiles) character file.

Game seed: 17102828440823010338

230 luckylaki the Covert (level 5, -3/28 HPs)
             Began as a Spriggan Delver on Apr 1, 2024.
             Slain by an iguana (5 damage)
             ... on level 5 of the Dungeon.
             The game lasted 00:04:38 (745 turns).

luckylaki the Covert (Spriggan Delver)               Turns: 745, Time: 00:04:39

Health: -3/28      AC:  2    Str:  8    XL:     5   Next: 72%
Magic:  6/6        EV: 18    Int: 11    God:
Gold:   13         SH:  0    Dex: 19    Spells: 4/4 levels left

rFire   . . .        k - +1 long sword (heavy)
rCold   . . .        (no shield)
rNeg    . . .        b - +0 robe
rPois   .            (helmet restricted)
rElec   .            (no cloak)
rCorr   .            (gloves unavailable)
SInv    +            (boots unavailable)
Will    .....        (no amulet)
Stlth   +++++        (no ring)
HPRegen 0.24/turn    (no ring)
MPRegen 0.10/turn

%: no passive effects
@: very quick
A: very small, no large weapons, unfitting armour, see invisible, speed 3
a: no special abilities


You were on level 5 of the Dungeon.
You visited 1 branch of the dungeon, and saw 1 of its levels.

You collected 13 gold pieces.

Inventory:

Hand Weapons
 a - a +0 short sword
 k - a +1 heavy long sword (weapon)
Armour
 b - a +0 robe (worn)
Wands
 g - a wand of digging (3)
Scrolls
 c - a scroll of fog
 d - a scroll of revelation
 e - a scroll of fear
 i - a scroll of immolation {unknown}
Potions
 f - 2 potions of ambrosia {unknown}
 h - a potion of heal wounds {unknown}
 j - a potion of resistance {unknown}


   Skills:
 + Level 3.0 Fighting
 + Level 3.1(3.3) Short Blades
 + Level 1.2(1.9) Long Blades
 + Level 3.4 Dodging
 + Level 9.9 Stealth


You had 4 spell levels left.
You didn't know any spells.
Your spell library contained the following spells:

 Spells                   Type           Power      Damage    Failure   Level
 Lesser Beckoning         Tloc           0%         N/A       47%         2
 Gell's Gravitas          Tloc           0%         N/A       71%         3
 Teleport Other           Tloc           0%         N/A       71%         3


Dungeon Overview and Level Annotations

Branches:
Dungeon (5/15)
 Temple: D:4-7

Altars:


Innate Abilities, Weirdness & Mutations

You are very small and have problems with some larger weapons.
You are too small for most types of armour.
You have supernaturally acute eyesight. (SInv)
You cover ground extremely quickly. (Speed+++)


Message History

You slice the orc!!
You kill the orc!
Items here: ))) [ ††.
Okay, then.
An orc comes into view. It is wielding a +0 war axe.
An iguana comes into view.
A gnoll comes into view. It is wielding a +0 halberd.
A gnoll comes into view. It is wielding a +0 whip.
The gnoll barely misses you.
The gnoll shouts!
The iguana hisses angrily.
You slice the gnoll!!
You kill the gnoll!
The gnoll completely misses you.
Your Fighting skill increases to level 3!
The gnoll closely misses you.
You see here a +0 whip.
The gnoll attacks as it pursues you! The gnoll misses you.
You closely miss the orc. The orc barely misses you. The gnoll misses you.
The orc hits you with a +0 war axe! The gnoll completely misses you.
You hit the orc.
The orc is moderately wounded.
The orc hits you with a +0 war axe!
The gnoll hits you from afar with a +0 halberd!
* * * LOW HITPOINT WARNING * * *
The iguana closely misses you. The orc closely misses you.
The gnoll barely misses you. The orc attacks as it pursues you!
The orc misses you.
You closely miss the orc.
The orc is moderately wounded.
The orc misses you. x2
You slash the orc!
You kill the orc!
The iguana barely misses you. The gnoll closely misses you.
The iguana misses you.
The gnoll hits you from afar with a +0 halberd!
* * * LOW HITPOINT WARNING * * *
Unknown command.
The iguana bites you.
You die...

### ##.##
#l@.# ##g##
##...## #.#
#.....# #.#
##...## ..#
##.....##
...
##.......##
#.#
#.........#
#.#
##.......##


You could see an iguana and a gnoll.

Vanquished Creatures
  A water moccasin (D:5)
  A bombardier beetle (D:5)
  A hound (D:5)
  2 gnolls (D:5)
  3 adders (D:5)
  A ribbon worm (D:5)
  5 orcs (D:5)
14 creatures vanquished.

Notes
Turn   | Place    | Note
-------+----------+-------------------------------------------
     0 | D:5      | luckylaki the Spriggan Delver began the quest for the Orb.
     0 | D:5      | Reached XP level 1. HP: 11/11 MP: 2/2
    24 | D:5      | Noticed an ice beast
    67 | D:5      | Reached XP level 2. HP: 6/16 MP: 3/3
   267 | D:5      | Noticed a bombardier beetle
   272 | D:5      | Killed a bombardier beetle
   273 | D:5      | Reached skill level 8 in Stealth
   273 | D:5      | Reached XP level 3. HP: 19/19 MP: 4/4
   523 | D:5      | Reached XP level 4. HP: 20/23 MP: 5/5
   555 | D:5      | Reached skill level 9 in Stealth
   626 | D:5      | Noticed a water moccasin
   632 | D:5      | Killed a water moccasin
   633 | D:5      | Reached skill level 1 in Long Blades
   633 | D:5      | Reached XP level 5. HP: 28/28 MP: 6/6
   745 | D:5      | Slain by an iguana

Illustrated notes

Levels and vault maps discovered:
D:5:      layout_basic, nicolae_figureground_pulse

Skill      XL: |  1  2  3  4  5 |
---------------+----------------+-----
Stealth        | 8 9 |  9.9
Dodging        | 3 |  3.4
Short Blades   | 3 |  3.1
Long Blades    | 1 |  1.2
Fighting       | 3 |  3.0

Action                     |  1- 3 |  4- 6 || total
---------------------------+-------+-------++-------
  Melee: Short sword       |    16 |       ||    16
         Long sword        |     5 |    18 ||    23
    Use: Potion            |     1 |       ||     1
   Stab: Sleeping          |     3 |     1 ||     4
 Armour: Robe              |     6 |     8 ||    14
  Dodge: Dodged            |    18 |    27 ||    45
